Map: Cactus Valley LE (Void)

Players

IlIlIlIIIIIl - Winner!

  • Race: Zerg Zerg
  • League: Grandmaster
  • Spawn Location: 5:00

Railgan

  • Race: Zerg Zerg
  • League: Grandmaster
  • Spawn Location: 1:00

VOD

Have the link to the VOD?

Description

Time

  • Played on: Feb. 22, 2017, 4:47 p.m.
  • Length: 4:13
Show
View Real Time Build Order
Export as new Build Order

IlIlIlIIIIIl Zerg - Winner!

Build Orders: Hatch First, Zergling Baneling 

Get SALT Encoding   

  12  0:00  Drone  
  13  0:08  Drone  
  14  0:17  Overlord  
  14  0:22  Extractor  
  14  0:23  Drone  
  15  0:36  Drone x2  
  17  0:44  Drone  
  18  0:57  Hatchery  
  18  1:00  Extractor, Drone  
  17  1:05  Drone  
  18  1:16  Spawning Pool  
  17  1:20  Drone  
  18  1:26  Drone  
  19  1:37  Overlord  
  19  1:48  Drone  
  20  2:03  Metabolic Boost, Zergling x2  
  20  2:04  Queen  
  23  2:09  Zergling x2, Queen  
  23  2:11  Zergling x2  
  27  2:20  Zergling x2  
  27  2:21  Zergling x2  
  29  2:26  Baneling Nest  
  28  2:31  Zergling x2  
  28  2:32  Zergling x2  
  30  2:41  Overlord  
  30  2:46  Zergling x2  
  31  2:52  Zergling x2  
  31  2:55  Zergling x2  
  33  3:03  Zergling x2  
  34  3:09  Baneling x4  
  34  3:10  Zergling x2  
  35  3:13  Zergling x6  
  35  3:16  Zergling x4  
  35  3:19  Zergling x2  
  41  3:21  Zergling x2  
  41  3:24  Zergling x2  
  43  3:32  Baneling x3  
  43  3:35  Zergling x2  
  43  3:40  Zergling x2  
  43  3:41  Zergling x2  
  43  3:45  Zergling x2  
  40  3:49  Zergling x4  
  40  3:55  Baneling x3  
Show
View Real Time Build Order
Export as new Build Order

Railgan Zerg 

Build Orders: Hatch First 

Get SALT Encoding   

  12  0:01  Drone  
  13  0:12  Overlord  
  13  0:17  Drone  
  14  0:31  Drone x2  
  16  0:36  Drone  
  17  0:45  Drone  
  18  0:59  Drone  
  18  1:00  Hatchery  
  18  1:01  Extractor  
  17  1:15  Spawning Pool  
  17  1:17  Drone  
  17  1:20  Drone  
  18  1:30  Drone  
  19  1:39  Overlord  
  19  1:49  Drone  
  20  2:01  Queen  
  20  2:03  Zergling x2  
  23  2:12  Queen  
  23  2:13  Drone  
  23  2:14  Drone  
  23  2:15  Metabolic Boost  
  27  2:24  Drone  
  27  2:25  Drone  
  29  2:33  Drone  
  30  2:38  Drone, Baneling Nest, Queen  
  30  2:44  Overlord  
  32  2:49  Queen  
  34  2:53  Zergling x2  
  34  2:55  Zergling x2  
  36  3:02  Baneling Nest  
  36  3:03  Zergling x2  
  36  3:05  Zergling x2  
  36  3:07  Zergling x2  
  36  3:10  Zergling x2  
  38  3:21  Baneling  
  38  3:22  Baneling x2  
  38  3:25  Zergling x4  
  40  3:33  Zergling x4  
  34  3:49  Zergling x4  
  34  3:53  Zergling x2  
  34  3:55  Zergling x6  
Tags
 
Add a new tag
Caveats
  • Supply blocks, unpowered buildings, or Contaminate may cause inaccurate times.
  • Supply counts are checked every 10 seconds.